 Dungeon Crawl Stone Soup version 0.31-b1-20-g67cafac56d (webtiles) character file.

Game seed: 18421069327133954750

17 Esekla the Sneak (level 2, 4/21 HPs)
             Began as an Octopode Delver on Jan 17, 2024.
             Quit the game on level 5 of the Dungeon.
             The game lasted 00:03:55 (419 turns).

Esekla the Sneak (Octopode Delver)                   Turns: 419, Time: 00:03:56

Health: 4/21       AC:  1    Str: 11    XL:     2   Next: 62%
Magic:  2/2        EV: 13    Int: 12    God:
Gold:   45         SH:  0    Dex: 13    Spells: 1/1 levels left

rFire   . . .        a - +0 falchion
rCold   . . .        (no shield)
rNeg    . . .        (helmet restricted)
rPois   .            (no amulet)
rElec   .            (no ring)
rCorr   .            (no ring)
SInv    .            (no ring)
Will    .....        (no ring)
Stlth   ++++         (no ring)
HPRegen 0.23/turn    (no ring)
MPRegen 0.08/turn    (no ring)
                     (no ring)

%: no passive effects
@: no status effects
A: almost no armour, amphibious, 8 rings, camouflage 1, gelatinous body 1,
(nimble swimmer 1), tentacles
a: no special abilities


You were on level 5 of the Dungeon.
You visited 1 branch of the dungeon, and saw 1 of its levels.

You collected 45 gold pieces.

Inventory:

Hand Weapons
 a - a +0 falchion (weapon)
Missiles
 g - 8 poisoned darts (quivered)
 j - 4 curare-tipped darts
Wands
 f - a wand of digging (3)
Scrolls
 b - a scroll of fog
 d - a scroll of fear
 k - a scroll of revelation
Potions
 c - a potion of lignification {unknown}
 e - a potion of haste
 h - 2 potions of enlightenment {unknown}
 i - 2 potions of curing {unknown}


   Skills:
 * Level 3.1 Fighting
 * Level 2.1 Long Blades
 * Level 2.1 Dodging
 + Level 7.0 Stealth
 * Level 0.4 Spellcasting


You had one spell level left.
You didn't know any spells.
Your spell library was empty.

Dungeon Overview and Level Annotations

Branches:
Dungeon (5/15)
 Temple: D:4-7

Altars:
Ashenzari
Fedhas
Hepliaklqana

Shops:
D:5 =

Annotations:
D:5 3 runed translucent doors, Esekla's ghost, weakling OpDe


Innate Abilities, Weirdness & Mutations

You cannot wear most types of armour.
You are amphibious.
You can wear up to eight rings at the same time.
Your skin changes colour to match your surroundings (Stealth+).
Your rubbery body absorbs attacks. (AC +1, EV +1)
((You are camouflaged when in or above water. (Stealth+)))
You have tentacles for arms and can constrict up to eight enemies at once.


Message History

An ufetubus comes into view.
You hear a distant slurping noise.
A shadow imp comes into view.
The ufetubus barely misses you. The ufetubus hits you.
You hit the ufetubus. Your grab misses the ufetubus.
The ufetubus is heavily wounded.
The ufetubus completely misses you. The ufetubus closely misses you. x2
The ufetubus barely misses you.
You slash the ufetubus!
You kill the ufetubus!
Your Stealth skill increases to level 7!
You have reached level 2!
h - 2 pink potions (gained 1)
An ufetubus comes into view.
A scorpion comes into view.
Found a stone staircase leading down.
There is a stone staircase leading down here.
You enter the deep water.
The ufetubus shouts!
You open the door.
Found a broken altar of Ashenzari.
You enter the deep water.
Found 8 stones.
You slash the ufetubus! You grab the ufetubus.
The ufetubus is severely wounded.
You constrict the ufetubus, but do no damage.
The ufetubus slips past you! The ufetubus closely misses you.
The ufetubus hits you.
You hit the ufetubus.
You kill the ufetubus!
You open the door.
Found a blossoming altar of Fedhas.
A centaur comes into view.
The centaur wields a +0 orcbow.
The centaur shoots an arrow.
The arrow hits you!
The centaur shoots an arrow.
The arrow barely misses you.
The centaur shoots an arrow.
The arrow closely misses you.
The centaur shoots an arrow.
The arrow hits you!
Ouch! That really hurt!
* * * LOW HITPOINT WARNING * * *
Are you sure you want to abandon this character and quit the game? (Confirm with "yes".)

##* ### ### #.########.# #.#
#........#.#####.#
#.######.#.@.....#
#.#......#.#####.#
######'##.#####.# *#.#**********
................# #.........,,,,
........#.####### #..PP..###,***
..........# #.PPPP.# *,*
..........# #PPc,,,#**,*
..........# *#P,P.,,,,*,* *
..........#********,,,,P,,*,*+***


There were no monsters in sight!

Vanquished Creatures
  2 ufetubi (D:5)
  3 orcs (D:5)
5 creatures vanquished.

Notes
Turn   | Place    | Note
-------+----------+-------------------------------------------
     0 | D:5      | Esekla the Octopode Delver began the quest for the Orb.
     0 | D:5      | Reached XP level 1. HP: 16/16 MP: 1/1
     0 | D:5      | Found Bynwiax's Jewellery Shoppe.
    58 | D:5      | Found a hazy altar of Hepliaklqana.
   240 | D:5      | Noticed a jelly
   298 | D:5      | Found a runed translucent gate.
   298 | D:5      | Found a runed translucent gate.
   298 | D:5      | Found a runed translucent gate.
   303 | D:5      | Noticed Esekla's ghost (weakling OpDe)
   303 | D:5      | Noticed Esekla's ghost (weakling OpDe)
   340 | D:5      | Reached skill level 7 in Stealth
   340 | D:5      | Reached XP level 2. HP: 18/21 MP: 2/2
   355 | D:5      | Noticed a scorpion
   366 | D:5      | Found a broken altar of Ashenzari.
   410 | D:5      | Found a blossoming altar of Fedhas.
   412 | D:5      | Noticed a centaur
   419 | D:5      | Quit the game

Illustrated notes

Levels and vault maps discovered:
D:5:      layout_basic, kennysheep_mini_moat, fedhas_bush_and_centaur_altar,
          lemuel_doored_altar, gammafunk_ghost_cemetery, serial_shops,
          kennysheep_mini, kennysheep_generic_room_10

Skill      XL: |  1 |
---------------+----+-----
Stealth        | 7 |  7.0
Fighting       | |  3.1
Long Blades    | |  2.1
Dodging        | |  2.1
Spellcasting   | |  0.4

Action                     || total
---------------------------++-------
  Melee: Falchion          ||     8
         Constrict         ||     4
         Tentacles         ||     3
    Use: Scroll            ||     1
 Armour: Skin              ||     9
  Dodge: Dodged            ||    18
